 Dungeon Crawl Stone Soup version 0.30.1-4-g462c640d31 (webtiles) character file.

Game seed: 2911173866395174488

615 croobank the Covert (level 7, -1/49 HPs)
             Began as an Octopode Delver on Sept 16, 2023.
             Slain by an ogre
             ... wielding a +0 giant club
              (30 damage)
             ... on level 5 of the Dungeon.
             The game lasted 00:13:52 (4238 turns).

croobank the Covert (Octopode Delver)               Turns: 4238, Time: 00:13:53

Health: -1/49      AC:  1    Str: 14    XL:     7   Next: 45%
Magic:  9/9        EV: 14    Int: 15    God:
Gold:   293        SH:  0    Dex: 13    Spells: 6/9 levels left

rFire   . . .        b - +7 hand crossbow of the Rat {heavy, Str+3}
rCold   . . .        (no shield)
rNeg    . . .        (helmet restricted)
rPois   .            (no amulet)
rElec   .            (no ring)
rCorr   .            (no ring)
SInv    .            (no ring)
Will    .....        (no ring)
Stlth   +++++        (no ring)
HPRegen 0.28/turn    (no ring)
MPRegen 0.11/turn    (no ring)
                     (no ring)

%: no passive effects
@: no status effects
A: almost no armour, amphibious, 8 rings, camouflage 1, gelatinous body 1,
(nimble swimmer 1), tentacles
a: no special abilities


You were on level 5 of the Dungeon.
You visited 1 branch of the dungeon, and saw 6 of its levels.

You collected 293 gold pieces.

Inventory:

Hand Weapons
 a - a +0 short sword of flaming
 b - the +7 hand crossbow of the Rat (weapon) {heavy, Str+3}
   (You found it on level 4 of the Dungeon)

   Str:       It affects your strength (+3).
Missiles
 c - 2 throwing nets
 w - 7 boomerangs
Jewellery
 m - a ring of ice
 t - a ring of resist corrosion
 x - a ring of protection from fire
Wands
 f - a wand of digging (2)
 i - a wand of flame (17)
 q - a wand of mindburst (11)
 s - a wand of light (13)
Scrolls
 d - a scroll of brand weapon
 g - 3 scrolls of teleportation
 o - a scroll of enchant armour
 u - 2 scrolls of fog
Potions
 e - a potion of haste
 h - a potion of flight
 j - a potion of magic {unknown}
 k - a potion of ambrosia {unknown}
 l - a potion of lignification {unknown}
 n - a potion of brilliance {unknown}
 r - a potion of cancellation {unknown}


   Skills:
 + Level 4.6 Fighting
 + Level 4.0 Short Blades
 + Level 4.0 Dodging
 + Level 8.4 Stealth
 * Level 1.6 Spellcasting
 * Level 1.8 Transmutations


You had 6 spell levels left.
You knew the following spells:

 Your Spells              Type           Power      Damage    Failure   Level
a - Beastly Appendage     Tmut           12%        N/A       11%         1
b - Wereblood             Tmut           6%         N/A       17%         2

Your spell library contained the following spells:

 Spells                   Type           Power      Damage    Failure   Level
 Necrotise                Necr           4%         1d4       24%         1
 Sandblast                Erth           2%         2d4       24%         1
 Passwall                 Tmut/Erth      2%         N/A       24%         2
 Spider Form              Tmut/Pois      3%         N/A       43%         3
 Gell's Gravitas          Tloc           1%         N/A       56%         3
 Ozocubu's Armour         Ice            1%         N/A       56%         3
 Stone Arrow              Conj/Erth      2%         3d7       56%         3
 Teleport Other           Tloc           1%         N/A       56%         3
 Vampiric Draining        Necr           1%         2d6       56%         3
 Agony                    Necr           1%         N/A       100%        5
 Dispersal                Tloc           0%         N/A       100%        6
 Simulacrum               Ice/Necr       0%         N/A       100%        6
 Ozocubu's Refrigeration  Ice            0%         4d7       100%        7
 Polar Vortex             Ice            0%         N/A       100%        9


Dungeon Overview and Level Annotations

Branches:
Dungeon (6/15)
 Temple: D:4-7

Altars:
Xom
Zin

Annotations:
D:3 Grinder


Innate Abilities, Weirdness & Mutations

You cannot wear most types of armour.
You are amphibious.
You can wear up to eight rings at the same time.
Your skin changes colour to match your surroundings (Stealth+).
Your rubbery body absorbs attacks. (AC +1, EV +1)
((You are camouflaged when in or above water. (Stealth+)))
You have tentacles for arms and can constrict up to eight enemies at once.


Message History

The bolt hits the ogre!!
The ogre is almost dead.
The ogre hits you with a +0 giant spiked club!!
Fire: b) +7 hand crossbow of the Rat {heavy, Str+3}
Press: ? - help, Q - select action, (/) - cycle Shift-Dir - straight line, f/p - ogre
Aim: an ogre, wielding a +0 giant spiked club (almost dead, 80% to hit)
You shoot a bolt. The bolt hits the ogre!
You kill the ogre!
Your Short Blades skill increases to level 4!
Your Dodging skill increases to level 4!
Magic restored.
HP restored.
i - a wand of flame (17)
An ogre comes into view. It is wielding a +0 giant club.
Fire: b) +7 hand crossbow of the Rat {heavy, Str+3}
Press: ? - help, Q - select action, (/) - cycle Shift-Dir - straight line, f - ogre
Aim: an ogre, wielding a +0 giant club (asleep, 98% to hit)
You shoot a bolt. The bolt hits the ogre!
The ogre shouts!
The ogre is moderately wounded.
Fire: b) +7 hand crossbow of the Rat {heavy, Str+3}
Press: ? - help, Q - select action, (/) - cycle Shift-Dir - straight line, f/p - ogre
Aim: an ogre, wielding a +0 giant club (moderately wounded, 80% to hit)
You shoot a bolt. The bolt barely misses the ogre.
The ogre closely misses you.
Fire: b) +7 hand crossbow of the Rat {heavy, Str+3}
Press: ? - help, Q - select action, (/) - cycle Shift-Dir - straight line, f/p - ogre
Aim: an ogre, wielding a +0 giant club (moderately wounded, 80% to hit)
You shoot a bolt. The bolt hits the ogre!
The ogre is severely wounded.
The ogre barely misses you.
The ogre hits you with a +0 giant club!!
Fire: b) +7 hand crossbow of the Rat {heavy, Str+3}
Press: ? - help, Q - select action, (/) - cycle Shift-Dir - straight line, f/p - ogre
Aim: an ogre, wielding a +0 giant club (severely wounded, 80% to hit)
You shoot a bolt. The bolt closely misses the ogre.
The ogre misses you.
The ogre hits you with a +0 giant club!!
Ouch! That really hurt!
You die...

# #......#........,,,**
# ###..##.###..###**,* #
#..#.## *,.#****,******
#
#.<.##*##,,,,,,,,,,,,,,
#
##....#*..,,,***,,,****,
#.....#*.#*,,* *,*,* *,
#.###.##.#*,###*,,,* *,
#.# #..#.#.....,,,,* *,
#.# #.#@O.#,*****,,* *,
# #.# #.##.##,* *,,* *,
## #.# #.#*.#*,* *,,* *,
.# #.#
#.#*.#*,*****,,****, .#
#.# #.#*.#*,,,,,,,,,,,,,
.##### #.#
#.##.###***,***,****
.....# #.# #.#.....,,,**
**,* .###.#
#.###.#.....,,,* *,* .#
*.# #........#****,**
**,*


You could see an ogre.

Vanquished Creatures
  An ogre (D:5)
  A jelly (D:5)
  3 hounds
  An orc priest (D:4)
  4 iguanas
  8 adders
  8 gnolls
  3 worms
  5 dart slugs
  12 orcs
  4 endoplasms
  6 giant cockroaches
  8 goblins
  5 hobgoblins
  2 jackals (D:1)
  8 kobolds
  6 quokkas
  12 ball pythons
  4 bats
  2 frilled lizards (D:3)
  6 rats
109 creatures vanquished.

Notes
Turn   | Place    | Note
-------+----------+-------------------------------------------
     0 | D:5      | croobank the Octopode Delver began the quest for the Orb.
     0 | D:5      | Reached XP level 1. HP: 16/16 MP: 1/1
     1 | D:6      | Noticed a hound
     2 | D:6      | Killed a hound
     3 | D:6      | Reached XP level 2. HP: 21/21 MP: 2/2
     3 | D:6      | Reached XP level 3. HP: 26/26 MP: 3/3
    11 | D:6      | Reached skill level 7 in Stealth
    19 | D:6      | Reached XP level 4. HP: 29/31 MP: 4/4
    81 | D:5      | Found a glowing drain.
   189 | D:2      | Reached XP level 5. HP: 33/37 MP: 5/5
   561 | D:1      | Found a faded altar of an unknown god.
  1794 | D:3      | Reached XP level 6. HP: 25/43 MP: 6/6
  2044 | D:3      | Noticed Grinder
  2226 | D:3      | Found a glowing silver altar of Zin.
  2717 | D:4      | Found a shimmering altar of Xom.
  2737 | D:4      | Reached skill level 8 in Stealth
  3020 | D:4      | Identified the +7 hand crossbow of the Rat {heavy, Str+3}
  3028 | D:4      | Learned a level 1 spell: Beastly Appendage
  3031 | D:4      | Learned a level 2 spell: Wereblood
  3731 | D:5      | Reached skill level 1 in Transmutations
  3731 | D:5      | Reached XP level 7. HP: 15/49 MP: 8/8
  3736 | D:5      | Reached skill level 1 in Spellcasting
  4238 | D:5      | Slain by an ogre

Illustrated notes

Levels and vault maps discovered:
D:1:      dpeg_arrival_orchard, layout_basic, basic_ecumenical_altar,
          minmay_misc_feat_five, minmay_shallow_snake_nest
D:2:      layout_rooms, chequers_arboretum, minmay_liquid_box,
          kennysheep_small_spiral, minmay_tetromino_s2
D:3:      layout_basic, zin_treasury, columned_hall_lemuel,
          minmay_misc_feat_tiny, uniq_grinder
D:4:      layout_rooms, xom_teletrap_fun
D:5:      layout_loops_ring, gup_sewer_entry_glass, hangedman_decor_growths
D:6:      gammafunk_steamed_eel, layout_rooms, amcnicky_altar_gilded,
          minmay_temple_entry_trees, hellmonk_ghost_happy_afterlife,
          chequers_serial_rivers_small_3, minivault_11, uniq_edmund

Skill      XL: |  1  2  3  4  5  6  7 |
---------------+----------------------+-----
Stealth        | 7 8 |  8.4
Short Blades   | 3 4 |  4.0
Dodging        | 3 4 |  4.0
Fighting       | 4 |  4.6
Transmutations | 1 |  1.8
Spellcasting   | 1 |  1.6

Action                     |  1- 3 |  4- 6 |  7- 9 || total
---------------------------+-------+-------+-------++-------
  Melee: Short sword       |     4 |   201 |    12 ||   217
         Tentacles         |     1 |    42 |     2 ||    45
         Constrict         |     1 |    43 |     3 ||    47
         Punch             |       |     2 |       ||     2
   Fire: Hand crossbow     |       |    19 |    17 ||    36
  Throw: Throwing net      |       |     1 |       ||     1
  Evoke: Wand              |       |     1 |       ||     1
    Use: Scroll            |       |     5 |     5 ||    10
         Potion            |       |     5 |     1 ||     6
   Stab: Sleeping          |     3 |    32 |       ||    35
         Distracted        |       |     1 |       ||     1
         Held in net/web   |       |     1 |       ||     1
 Armour: Skin              |       |     5 |       ||     5
  Dodge: Dodged            |       |   100 |     8 ||   108
